 Dungeon Crawl Stone Soup version 0.26-a0-540-g8a0c9464d7 (webtiles) character file.

Game seed: 15073221502526016022

16 Gorglomux the Skirmisher (level 2, 0/25 HPs)
             Began as a Palentonga Delver on Aug 21, 2020.
             Slain by a water moccasin skeleton (1 damage)
             ... on level 4 of the Dungeon.
             The game lasted 00:02:29 (716 turns).

Gorglomux the Skirmisher (Palentonga Delver)         Turns: 716, Time: 00:02:29

Health: 0/25       AC:  4    Str: 15    XL:     2   Next: 41%
Magic:  2/2        EV:  9    Int: 10    God:
Gold:   0          SH:  0    Dex: 11    Spells: 1/1 levels left

rFire    . . .     SeeInvis +   a - +0 hand axe
rCold    . . .     Faith    .   (no shield)
rNeg     . . .     Spirit   .   b - +0 leather armour
rPois    .         Reflect  .   (no helmet)
rElec    .         Harm     .   (no cloak)
rCorr    .                      (no gloves)
MR       .....                  (boots restricted)
Stlth    ++........             (no amulet)
HPRegen  0.08/turn              (no ring)
MPRegen  0.08/turn              (no ring)

@: lethally poisoned (0 -> -4), hasted, very quick
A: large, rugged brown scales 3, see invisible, deformed body, roll, armoured
tail
a: Rolling Charge


You were on level 4 of the Dungeon.
You visited 1 branch of the dungeon, and saw 3 of its levels.

Inventory:

Hand Weapons
 a - a +0 hand axe (weapon)
Armour
 b - a +0 leather armour (worn)
Wands
 D - a wand of digging (3)
Scrolls
 c - a scroll of fog
 M - a scroll of magic mapping


   Skills:
 + Level 3.4 Fighting
 + Level 2.6 Axes
 - Level 1.5 Dodging
 - Level 3.3 Stealth


You had one spell level left.
You didn't know any spells.
Your spell library was empty.

Dungeon Overview and Level Annotations

Branches:
Dungeon (6/15)
 Temple: D:4-7

Altars:


Innate Abilities, Weirdness & Mutations

You are completely covered in rugged brown scales. (AC +3, +7% HP)
You have supernaturally acute eyesight. (SInv)
Armour fits poorly on your strangely shaped body.
You can roll at foes to attack.
You have a long armoured tail.


Message History

You tail-slap the giant cockroach.
You kill the giant cockroach!
You closely miss the water moccasin skeleton.
Roll where?
Press: ? - help, Dir - move target cursor, f - water moccasin skeleton
Aim: a water moccasin skeleton You roll forward with a clatter of scales!
You barely miss the water moccasin skeleton.
You hit the adder.
The water moccasin skeleton completely misses you.
The adder bites you.
The water moccasin skeleton barely misses you.
You closely miss the adder.
Your tail-slap misses the adder.
The adder is lightly wounded.
You completely miss the water moccasin skeleton.
The adder barely misses you.
The water moccasin skeleton closely misses you.
The adder closely misses you.
You hit the adder but do no damage.
The adder is lightly wounded.
You closely miss the water moccasin skeleton.
The water moccasin skeleton bites you. The adder bites you but does no damage.
You barely miss the adder.
The adder is lightly wounded.
You hit the water moccasin skeleton.
The water moccasin skeleton closely misses you.
The adder bites you.
The water moccasin skeleton barely misses you.
The adder bites you but does no damage.
You closely miss the adder.
Your tail-slap misses the adder.
The adder is lightly wounded.
You hit the water moccasin skeleton.
The water moccasin skeleton bites you but does no damage.
The adder bites you.
You are poisoned.
The adder poisons you!
You closely miss the adder.
The adder is lightly wounded.
You hit the water moccasin skeleton.
You feel sick. The water moccasin skeleton bites you.
The adder closely misses you. The water moccasin skeleton bites you.
* * * LOW HITPOINT WARNING * * *
The adder bites you but does no damage.
You are too injured to fight recklessly!
You are too injured to fight recklessly!
You feel yourself speed up. The adder completely misses you.
The water moccasin skeleton bites you.
* * * LOW HITPOINT WARNING * * *
The water moccasin skeleton bites you.
You die...

##+##
##...##
##.....##
##....SZ.##
#.....@...#
+.........+
#.........#
##.......##
##.....##
##...##
##+##


You could see an adder and a water moccasin skeleton.

Vanquished Creatures
  An adder (D:5)
  A giant cockroach (D:4)
  4 jackals (D:5)
6 creatures vanquished.

Notes
Turn   | Place    | Note
-------+----------+-------------------------------------------
     0 | D:5      | Gorglomux the Palentonga Delver began the quest for the
                  | Orb.
     0 | D:5      | Reached XP level 1. HP: 19/19 MP: 1/1
   416 | D:6      | Noticed an ice beast
   448 | D:5      | Reached XP level 2. HP: 18/25 MP: 2/2
   704 | D:5      | Noticed a phantom
   715 | D:4      | HP: 1/25 [water moccasin skeleton (5)]
   716 | D:4      | Slain by a water moccasin skeleton

Illustrated notes

Levels and vault maps discovered:
D:4:      layout_loops_corners, minmay_fractal_squares_5
D:5:      layout_loops_ring, lemuel_round_altar, uniq_eustachio
D:6:      layout_basic, minmay_temple_entry_nine_rooms, corexii_shack,
          uniq_crazy_yiuf_cottage

Action                   || total
-------------------------++-------
Melee: Hand axe          ||    38
       Tailslap          ||     4
 Abil: Rolling Charge    ||     3
  Use: Potion            ||     2
       Scroll            ||     1
Armor: Leather armour    ||    21
Dodge: Dodged            ||    29

Table legend: (Time is in decaauts)
 A = Elapsed time spent in this place.
 B = Non-inter-level travel time spent in this place.
 C = Inter-level travel time spent in this place.
 D = Time resting spent in this place.
 E = Time spent auto-exploring this place.
 F = Levels seen in this place.
 G = Mean time per level.
                   A        B        C        D        E       F      G
               +--------+--------+--------+--------+--------+-----+--------+
         Total |    723 |    717 |      6 |    507 |     98 |   3 |  241.0 |
       Dungeon |    723 |    717 |      6 |    507 |     98 |   3 |  241.0 |
               +--------+--------+--------+--------+--------+-----+--------+

Top non-repeatable levels by time:
     D:5: 360 daAuts
     D:6: 352 daAuts
     D:4: 10 daAuts
